 Dungeon Crawl Stone Soup version 0.17-a0-1900-g45e8110 (webtiles) character file.

32 derrpe the Vexing (level 3, 0/14 HPs)
             Began as a Felid Enchanter on Sept 24, 2015.
             Was a Follower of Fedhas.
             Slain by a hobgoblin
             ... wielding a +0 club
              (4 damage)
             ... on level 3 of the Dungeon.
             The game lasted 00:06:23 (2929 turns).

derrpe the Vexing (Felid Enchanter)                 Turns: 2929, Time: 00:06:23

Health: 0/14       AC:  1    Str:  4    XL:     3   Next: 8%
Magic:  1/7        EV: 18    Int: 17    God:    Fedhas [*.....]
Gold:   208        SH:  0    Dex: 16    Spells: 3 memorised, 0 levels left
                                        Lives:  0   Deaths: 1

rFire  . . .     SeeInvis +       - Unarmed
rCold  . . .     Clarity  .     (armour unavailable)
rNeg   . . .     SustAt   .     (shield unavailable)
rPois  .         Gourm    .     (helmet unavailable)
rElec  .         Spirit   .     (cloak unavailable)
rCorr  .         Warding  .     (gloves unavailable)
rMut   .         Stasis   .     (boots unavailable)
MR     .....                    (no amulet)
Stlth  ++++......               (no ring)
                                (no ring)

@: quick, not resistant to hostile enchantments, stealthy
A: no armour, no weapons or thrown items, claws 1, fangs 3, see invisible,
carnivore 3, speed 1, shaggy fur 1, slow metabolism 1, sharp paws
a: Evolution, Renounce Religion


You were on level 3 of the Dungeon.
You worshipped Fedhas.
Fedhas was aware of your devotion.
You were not hungry.

You visited 1 branch of the dungeon, and saw 3 of its levels.

You collected 208 gold pieces.

Inventory:

Jewellery
 j - a cursed ring of teleportation {unknown}
Scrolls
 c - a scroll of enchant weapon {unknown}
 e - a scroll of identify {unknown}
 g - a scroll of magic mapping {unknown}
 h - 2 scrolls of noise {unknown}
 i - a scroll of amnesia {unknown}
 k - 2 scrolls of teleportation {unknown}
Potions
 d - a potion of might {unknown}
 f - a potion of brilliance {unknown}
 m - a potion of curing {unknown}
 n - a potion of agility {unknown}
Books
 a - a book of Maledictions

   Spells                             Type                      Level
   a - Corona                         Hexes                        1
   b - Ensorcelled Hibernation        Hexes/Ice                    2
   c - Confuse                        Hexes                        3
   d - Tukima's Dance                 Hexes                        3
   e - Dazzling Spray                 Conjuration/Hexes            3
Comestibles
 b - 2 meat rations {@e2}


   Skills:
 + Level 0.0 Fighting
 + Level 3.5 Dodging
 + Level 4.8 Stealth
 - Level 1.0 Unarmed Combat
 - Level 2.0 Spellcasting
 + Level 0.1 Conjurations
 * Level 5.7 Hexes
 - Level 1.0 Ice Magic


You couldn't memorise any spells.
You knew the following spells:

 Your Spells              Type           Power        Failure   Level  Hunger
a - Corona                Hex            ###....      1%          1    #......
b - Ensorcelled Hibernat  Hex/Ice        ##....       10%         2    ###....
c - Dazzling Spray        Conj/Hex       ##......     21%         3    ###....


Dungeon Overview and Level Annotations

Branches:
Dungeon (3/15)

Altars:
Cheibriados
Fedhas
Kikubaaqudgha

Annotations:
D:3 CipHuK's ghost, weakling OgWz


Innate Abilities, Weirdness & Mutations

You cannot wear armour.
You are incapable of wielding weapons or throwing items.
You have sharp claws.
You have razor-sharp teeth.
You have supernaturally acute eyesight.
You are carnivorous and can eat meat at any time.
You cover ground quickly.
You are covered in fur (AC +1).
You have a slow metabolism.
Your sharp claws are effective at attacking unaware monsters.


Message History

Confirm with . or Enter, or press ? or * to list all spells.
Aiming: Ensorcelled Hibernation
Press: ? - help, Shift-Dir - straight line, f - orc
Aim: an orc (chance to defeat MR: 81%)
The orc resists with significant effort.
The orc completely misses you.
Casting: Ensorcelled Hibernation
Confirm with . or Enter, or press ? or * to list all spells.
Aiming: Ensorcelled Hibernation
Press: ? - help, Shift-Dir - straight line, f/p - orc
Aim: an orc (chance to defeat MR: 81%)
The orc looks drowsy...
The helpless orc fails to defend itself.
You claw the orc!
You kill the orc!
You scratch the hobgoblin but do no damage.
The hobgoblin closely misses you.
You barely miss the hobgoblin. The hobgoblin hits you with a club.
You die...
Fedhas appreciates your contribution to the ecosystem.

##############
##.....@g.....#
##########(#.#########.#
.......##.###.#
######...## #o. ####
##.#.# ##. ...####.##.#
# ###.##...##o# #
#....#.. ... ###..#...##
...


You could see a hobgoblin.

Vanquished Creatures
  2 adders (D:2)
  4 giant geckos
  An orc (D:3)
  A ball python (D:3)
  2 giant cockroaches (D:2)
  5 goblins
  7 hobgoblins
  5 jackals (D:2)
  5 kobolds
  A quokka (D:2)
  9 bats
  A giant newt (D:1)
  6 rats
49 creatures vanquished.

Vanquished Creatures (others)
  A rat (D:3)
  4 toadstools (D:3)
5 creatures vanquished.

Grand Total: 54 creatures vanquished

Notes
Turn   | Place    | Note
--------------------------------------------------------------
     0 | D:1      | derrpe the Felid Enchanter began the quest for the Orb.
     0 | D:1      | Reached XP level 1. HP: 7/7 MP: 4/4
   617 | D:1      | Reached XP level 2. HP: 11/11 MP: 6/6
   935 | D:1      | Learned a level 2 spell: Ensorcelled Hibernation
   981 | D:2      | Found an ancient bone altar of Kikubaaqudgha.
  1504 | D:2      | Reached skill level 5 in Hexes
  1504 | D:2      | Reached XP level 3. HP: 14/14 MP: 7/7
  1519 | D:2      | Learned a level 3 spell: Dazzling Spray
  1620 | D:2      | Found a snail-covered altar of Cheibriados.
  1844 | D:2      | Reached skill level 1 in Ice Magic
  2300 | D:3      | Found a faded altar to an unknown god.
  2329 | D:3      | Became a worshipper of Fedhas Madash
  2329 | D:3      | Acquired Fedhas's first power
  2644 | D:3      | Reached XP level 4. HP: 12/18 MP: 5/8
  2720 | D:3      | Mangled by an orc
  2721 | D:3      | Reached XP level 3. HP: -6/14 MP: 6/7
  2767 | D:3      | Noticed CipHuK's ghost (weakling OgWz)
  2929 | D:3      | Slain by a hobgoblin

Vault maps used:
D:1:      elethiomel_arrival_shortcut, hangedman_decor_growths,
          serial_bayou_lake_a
D:2:      cheibriados_altar_1, kiku_gazebo_pond_becter
D:3:      ecumenical_altar_2

Action                   |  1- 3 |  4- 6 || total
-------------------------+-------+-------++-------
Melee: Unarmed           |   124 |    11 ||   135
 Cast: Corona            |     9 |       ||     9
       Ensorcelled Hiber |    16 |     1 ||    17
       Dazzling Spray    |     2 |       ||     2
 Stab: Sleeping          |    26 |       ||    26
  Eat: Chunk             |    12 |       ||    12
